 Dungeon Crawl Stone Soup version 0.31-a0-744-gbc345e7fcb (webtiles) character file.

Game seed: 812117693668940482

408 Aneyh the Poker (level 6, -2/36 (40) HPs)
             Began as a Tengu Monk on Sept 13, 2023.
             Slain by an orc
             ... wielding a +0 war axe
              (10 damage)
             ... on level 3 of the Dungeon on Sept 14, 2023.
             The game lasted 00:06:28 (2889 turns).

Aneyh the Poker (Tengu Monk)                        Turns: 2889, Time: 00:06:29

HP:   -2/36 (40)    AC:  3    Str: 14    XL:     6   Next: 88%
MP:   7/7           EV: 13    Int: 10    God:
Gold: 301           SH:  0    Dex: 16    Spells: 5/5 levels left

rFire   . . .        b - +1 club (spect)
rCold   . . .        (no shield)
rNeg    . . .        k - +1 robe
rPois   .            (helmet restricted)
rElec   .            (no cloak)
rCorr   .            (no gloves)
SInv    .            (boots unavailable)
Will    .....        (no amulet)
Stlth   +            (no ring)
HPRegen 0.26/turn    (no ring)
MPRegen 0.10/turn

%: acrobat
@: heavily drained
A: beak, talons 3, acrobatic
a: no special abilities


You were on level 3 of the Dungeon.
You visited 1 branch of the dungeon, and saw 4 of its levels.

You collected 301 gold pieces.

Inventory:

Hand Weapons
 a - a +0 spear
 b - a +1 spectral club (weapon)
Missiles
 u - 6 poisoned darts
Armour
 d - an orb of light
 f - a +0 leather armour
 j - a +0 robe
 k - a +1 robe (worn)
Jewellery
 s - a ring of protection from cold
Scrolls
 e - 2 scrolls of amnesia {unknown}
 h - a scroll of poison {unknown}
 l - 4 scrolls of identify {unknown}
 m - a scroll of immolation {unknown}
 n - a scroll of noise {unknown}
 p - a scroll of revelation {unknown}
 q - 2 scrolls of teleportation {unknown}
 t - a scroll of fear {unknown}
Potions
 c - a potion of ambrosia
 g - a potion of enlightenment {unknown}
 i - a potion of lignification {unknown}
 o - a potion of brilliance {unknown}
 r - a potion of heal wounds {unknown}
 v - a potion of cancellation {unknown}


   Skills:
 + Level 5.0 Fighting
 - Level 4.0 Maces & Flails
 - Level 5.0 Polearms
 - Level 4.0 Dodging


You had 5 spell levels left.
You didn't know any spells.
Your spell library contained the following spells:

 Spells                   Type           Power      Damage    Failure   Level
 Summon Small Mammal      Summ           0%         N/A       36%         1
 Lesser Beckoning         Tloc           0%         N/A       50%         2
 Call Canine Familiar     Summ           0%         N/A       75%         3
 Gell's Gravitas          Tloc           0%         N/A       75%         3
 Summon Guardian Golem    Hex/Summ       0%         N/A       75%         3
 Teleport Other           Tloc           0%         N/A       75%         3


Dungeon Overview and Level Annotations

Branches:
Dungeon (4/15)
 Temple: D:4-7

Altars:
Wu Jian


Innate Abilities, Weirdness & Mutations

You have a beak for a mouth.
You have claws for feet.
You can magically evade attacks while moving or waiting.


Message History

You hit the orc.
You kill the orc!
Your Fighting skill increases to level 5!
You start resting.
HP restored.
You climb downwards.
The orc hits you with a +0 hand axe of draining.
You feel drained. The orc hits you with a +0 war axe!
There is a stone staircase leading up, spattered with blood here.
The kobold hits you but does no damage. The orc completely misses you.
The orc closely misses you.
You climb upwards.
There is a stone staircase leading down here.
You hit the kobold but do no damage. Your peck misses the kobold.
The kobold hits you with a +0 short sword.
The orc closely misses you. x2
You hit the kobold. You claw the kobold, but do no damage.
Your peck misses the kobold.
The kobold is heavily wounded.
The kobold hits you with a +0 short sword.
The orc barely misses you. The orc misses you.
You closely miss the kobold. Your kick misses the kobold.
The kobold is heavily wounded.
The kobold barely misses you. The orc barely misses you.
The orc hits you with a +0 war axe! The kobold misses you.
The orc hits you but does no damage.
You feel drained.
You barely miss the kobold. You claw the kobold.
You kill the kobold!
The orc barely misses you. The orc closely misses you.
The orc hits you with a +0 war axe.
You hit the orc. Your peck misses the orc.
The orc is moderately wounded.
Your +1 spectral club hits the orc.
The orc hits you with a +0 hand axe of draining.
* * * LOW HITPOINT WARNING * * *
You feel drained.
* * * LOW HITPOINT WARNING * * *
The orc barely misses your +1 spectral club.
The orc hits you with a +0 war axe!
You die...

...............#
...............#
...............#
...............#
......##########
......# ......#
#.....############
...............(@#
...)..#####....oo#
.##########.##...#
.#.............#.#
...#######..#..#.#
...#####.#..#.<#.#
...##......)####.#
...##.##.........#
...##.#.....######


You could see 2 orcs and a friendly +1 spectral club.

Vanquished Creatures
  A sky beast (D:3)
  A scorpion (D:3)
  Jessica (D:2)
  Natasha (thrice) (D:2)
  4 gnolls (D:4)
  4 adders
  3 worms
  2 dart slugs
  5 orcs
  2 endoplasms (D:1)
  7 giant cockroaches
  3 goblins
  8 hobgoblins
  7 quokkas
  2 ball pythons
  5 bats
  2 frilled lizards (D:1)
  10 kobolds
  4 rats
74 creatures vanquished.

Notes
Turn   | Place    | Note
-------+----------+-------------------------------------------
     0 | D:1      | Aneyh the Tengu Monk began the quest for the Orb.
     0 | D:1      | Reached XP level 1. HP: 14/14 MP: 2/2
   118 | D:1      | Reached XP level 2. HP: 19/19 MP: 3/3
   619 | D:2      | Noticed Jessica
   624 | D:2      | Killed Jessica
   625 | D:2      | Reached XP level 3. HP: 15/23 MP: 4/4
   712 | D:2      | Noticed Natasha
   719 | D:2      | Killed Natasha
   720 | D:2      | Reached XP level 4. HP: 22/28 MP: 5/5
   729 | D:2      | Noticed Natasha
   735 | D:2      | Killed Natasha
   736 | D:2      | Reached skill level 1 in Maces & Flails
   736 | D:2      | Reached skill level 5 in Polearms
   831 | D:2      | Found an ornate altar of the Wu Jian Council.
   925 | D:2      | Noticed Natasha
   936 | D:2      | Killed Natasha
   937 | D:2      | Reached XP level 5. HP: 11/32 MP: 6/6
  1362 | D:2      | Found a faded altar of an unknown god.
  2100 | D:4      | Noticed a sky beast
  2133 | D:3      | Killed a sky beast
  2134 | D:3      | Reached XP level 6. HP: 12/38 MP: 7/7
  2816 | D:3      | Reached skill level 5 in Fighting
  2889 | D:3      | Slain by an orc

Illustrated notes

Levels and vault maps discovered:
D:1:      wheals_arrival_shading, layout_basic
D:2:      minmay_skewed_foursquare, layout_basic, basic_altar,
          shapermc_ecumenical_altar_hornbeckon, minmay_gold_behind_fungi,
          uniq_jessica, uniq_natasha
D:3:      layout_basic
D:4:      layout_cave_pools, okawaru_altar_gauntlet_db, minmay_crystal_room,
          kennysheep_another_room

Skill      XL: |  1  2  3  4  5  6 |
---------------+-------------------+-----
Polearms       | 4 5 |  5.0
Dodging        | 4 |  4.0
Maces & Flails | 2 4 |  4.0
Fighting       | 5 |  5.0

Action                     |  1- 3 |  4- 6 || total
---------------------------+-------+-------++-------
  Melee: Spear             |    62 |     3 ||    65
         Peck              |     7 |    20 ||    27
         Kick              |     7 |    35 ||    42
         Club              |       |   145 ||   145
    Use: Potion            |       |     1 ||     1
   Stab: Sleeping          |     2 |     1 ||     3
         Distracted        |       |     1 ||     1
 Armour: Robe              |    11 |    87 ||    98
         Leather armour    |     4 |       ||     4
  Dodge: Dodged            |    28 |   114 ||   142

Table legend: (Time is in decaauts)
 A = Elapsed time spent in this place.
 B = Non-inter-level travel time spent in this place.
 C = Inter-level travel time spent in this place.
 D = Time resting spent in this place.
 E = Time spent auto-exploring this place.
 F = Levels seen in this place.
 G = Mean time per level.
                   A        B        C        D        E       F      G
               +--------+--------+--------+--------+--------+-----+--------+
         Total |   2916 |   2833 |     83 |    493 |   1704 |   4 |  729.0 |
       Dungeon |   2916 |   2833 |     83 |    493 |   1704 |   4 |  729.0 |
               +--------+--------+--------+--------+--------+-----+--------+

Top non-repeatable levels by time:
     D:2: 1115 daAuts
     D:3: 930 daAuts
     D:1: 470 daAuts
     D:4: 400 daAuts
